 Dungeon Crawl Stone Soup version 0.30-a0-782-ge64f9170bb (webtiles) character file.

Game seed: 15026714427746718899

96436 tilp the Fencer (level 17, -2/156 HPs)
             Began as a Meteoran Fighter on Feb 19, 2023.
             Was the Champion of Okawaru.
             Killed from afar by a shock serpent (31 damage)
             ... with a bolt of electricity
             ... in the Arena.
             The game lasted 00:49:05 (10318 turns).

tilp the Fencer (Meteoran Fighter)                 Turns: 10318, Time: 00:49:06

Health: -2/156     AC: 30    Str: 20    XL:     17   Next: 21%
Magic:  22/29      EV: 21    Int: 11    God:    Okawaru [******]
Gold:   445        SH:  7    Dex: 19    Spells: 16/16 levels left

rFire   . . .      SeeInvis +    a - +11 Singing Sword {sonic wave}
rCold   . . .      Faith    .    c - +0 buckler
rNeg    . . .      Spirit   .    K - +2 plate armour {rPois}
rPois   +          Reflect  .    S - +0 mask of the Dragon {Will+ Slay+3 SInv}
rElec   .          Harm     .    w - +2 cloak {Will+}
rCorr   +          Rampage  .    A - +3 pair of gauntlets of War {Slay+5}
Will    ++++.                    F - +2 pair of boots {Stlth+} Stlth
                                 (no amulet)
HPRegen 0.46/turn                e - ring of resist corrosion
MPRegen 0.21/turn                D - +5 ring of evasion

@: heroic, glowing, duelling
A: sense surroundings 2, otherworldly, glowing, explore regen
a: Renounce Religion, Heroism, Finesse, Duel


You were in the Arena.
You worshipped Okawaru.
Okawaru was exalted by your worship.
You visited 5 branches of the dungeon, and saw 25 of its levels.
You also visited: Sewer.

You collected 2179 gold pieces.
You spent 1734 gold pieces at shops.

Inventory:

Hand Weapons
 a - the +11 Singing Sword (weapon) {sonic wave}
   (You acquired it on level 5 of the Dungeon)
 b - a +3 scimitar of flaming
 Y - a +3 demon blade of venom
Missiles
 g - 6 javelins
 r - 30 poisoned darts (quivered)
 v - 4 atropa-tipped darts
 H - 21 boomerangs
 M - 3 silver boomerangs
 N - 8 curare-tipped darts
 Q - 14 silver javelins
Armour
 c - a +0 buckler (worn)
 f - the +2 pair of gloves of Okawaru's Regard {Str+2}
   (Okawaru gifted it to you on level 5 of the Lair of Beasts)

   Str:       It affects your strength (+2).
 h - the +5 crystal plate armour of the Lich-sworn {rF++ Will+ rCorr}
   (Okawaru gifted it to you on level 12 of the Dungeon)

   rF:        It greatly protects you from fire.
   rCorr:     It protects you from acid and corrosion.
   Will:      It increases your willpower.
 w - a +2 cloak of willpower (worn)
 A - the +3 pair of gauntlets of War (worn) {Slay+5}
   (You bought it in a shop on level 8 of the Dungeon)

   Slay:      It affects your accuracy & damage with ranged weapons and melee
   (+5).
 F - a +2 pair of boots of stealth (worn)
 J - the +4 helmet of Noon {rElec rCorr Int+3}
   (Okawaru gifted it to you on level 15 of the Dungeon)

   Int:       It affects your intelligence (+3).
   rElec:     It insulates you from electricity.
   rCorr:     It protects you from acid and corrosion.
 K - a +2 plate armour of poison resistance (worn)
 S - the +0 mask of the Dragon (worn) {Will+ Slay+3 SInv}
   (You bought it in a shop on level 8 of the Dungeon)

   Slay:      It affects your accuracy & damage with ranged weapons and melee
   (+3).
   SInv:      It lets you see invisible.
   Will:      It increases your willpower.
Jewellery
 e - a ring of resist corrosion (left hand)
 C - a ring of ice
 D - a +5 ring of evasion (right hand)
 R - a ring of fire
Wands
 t - a wand of mindburst (14)
 y - a wand of flame (33)
 E - a wand of digging (5)
 G - a wand of acid (10)
 I - a wand of polymorph (5)
 V - a wand of paralysis (6)
Scrolls
 i - 2 scrolls of blinking
 j - a scroll of poison
 n - 2 scrolls of identify
 o - a scroll of magic mapping
 q - 5 scrolls of teleportation
 O - a scroll of fog
 T - a scroll of enchant weapon
 W - a scroll of brand weapon
Potions
 d - 4 potions of might
 k - 4 potions of magic
 l - 2 potions of haste
 m - 3 potions of flight
 p - 2 potions of cancellation
 s - 10 potions of curing
 u - 2 potions of mutation
 x - 2 potions of resistance
 z - 4 potions of lignification
 B - 2 potions of ambrosia
 U - a potion of heal wounds
 X - a potion of attraction
Miscellaneous
 P - a condenser vane
 Z - a lightning rod (4/4)


   Skills:
 * Level 15.0(20.0) Fighting
 - Level 16.0(21.0) Long Blades
 + Level 8.1(13.1) Throwing
 + Level 10.0(15.0) Armour
 + Level 15.0(20.0) Dodging
 + Level 2.2(7.2) Stealth
 + Level 6.1(11.1) Shields
 + Level 15.0 Invocations
 + Level 8.1 Evocations


You had 16 spell levels left.
You didn't know any spells.
Your spell library was empty.

Dungeon Overview and Level Annotations

Branches:
Dungeon (15/15) Zot: 1761  Temple (1/1) D:7 Zot: 536    Lair (5/5) D:8 Zot: 1119
 Shoals (0/4) Lair:2        Snake (2/4) Lair:2 Zot: 1097   Slime (0/5) Lair:5
    Orc (2/2) D:9 Zot: 667     Elf (0/3) Orc:2        Depths (0/4) D:15
  Sewer (visited)
 Vaults: D:13-14

Altars:
Ashenzari
Cheibriados
Dithmenos
Elyvilon
Fedhas
Gozag
Hepliaklqana
Nemelex Xobeh
Okawaru
Qazlal
Ru
Sif Muna
Trog
Uskayaw
Vehumet
Wu Jian
Xom
Yredelemnul
Zin
The Shining One
Jiyva
Lugonu

Shops:
D:5 !(:   D:8 [   D:14 [(![   Orc:2 **(**(

Portals:
Abyss: Lair:5

Annotations:
D:4 1 transporter, Leeroy's ghost, amateur VSWr
D:13 vaults entrance
D:14 3 runed translucent doors, Teelok's ghost, journeyman GrEE


Innate Abilities, Weirdness & Mutations

You passively map the area around you.
You are easily found by Zot.
You glow in the dark.
You regain HP and MP as you explore.


Message History

You send a blast of sound all around you.
You kill the naga!
Okawaru accepts your kill.
The naga is moderately wounded.
You kill the salamander!
Okawaru accepts your kill.
You feel sick.
Unknown command.
Aiming: Duel (1% risk of failure)
Press: ? - help, Dir - move target, f - naga
Aim: a naga, wielding a +0 battleaxe and wearing a +1 robe of resistance (moderately wounded)
The naga is not worthy to be dueled!
Unknown command.
Aiming: Duel (1% risk of failure)
Press: ? - help, Dir - move target, f - shock serpent, p - naga
Aim: a shock serpent You enter into single combat with the shock serpent!
The world spins around you as you enter the gateway.
You enter Okawaru's Arena!
You feel sick.
You are no longer poisoned.
The spectator shouts! x6
The shock serpent bites you.
* * * LOW HITPOINT WARNING * * *
The shock serpent shocks you!
* * * LOW HITPOINT WARNING * * *
Found a gate leading back out of this place.
There is an empty arch of ancient stone here.
Unknown command.
You slice the shock serpent!!
The shock serpent is moderately wounded.
The shock serpent's electric aura discharges, shocking you!
You block the shock serpent's attack.
You slice the shock serpent!!
The shock serpent is almost dead.
The shock serpent's electric aura discharges, shocking you!
* * * LOW HITPOINT WARNING * * *
The shock serpent shoots out a bolt of lightning at you!
The bolt of electricity hits you!!
You die...
Okawaru crowns the shock serpent victorious!

#########
#.▓...▓p#
#.▓.8.▓.#
#p▓...▓▓#
#p▓...▓.#
#.▓...▓p#
#.▓...▓▓#
#▓▓.@.▓∩#
#.▓..S▓▓#
#.▓...▓p#
#p▓...▓.#
#p▓...▓▓#
#.▓.8.▓.#
#.▓...▓p#
#########


You could see a shock serpent.

Vanquished Creatures
  Rupert (D:15)
  A caustic shrike zombie (D:15)
  A caustic shrike skeleton (D:15)
  Josephine (Orc:2)
  An ogre mage (D:15)
  4 hydras
  Erica (D:11)
  3 catoblepae
  2 anacondas (Snake:2)
  3 boulder beetles
  9 death yaks
  2 centaur warriors (D:13)
  2 naga warriors (Snake:2)
  4 thrashing horrors (Lair:5)
  5 two-headed ogres
  An orc high priest (Orc:2)
  A vampire mage (D:15)
  Urug (Arena)
  A shock serpent (Snake:2)
  A large abomination (Lair:5)
  A spark wasp zombie (D:15)
  2 skeletal warriors (D:15)
  A naga ritualist (Snake:2)
  2 skysharks (Lair:5)
  An orb spider (shapeshifter) (Lair:5)
  A wizard (D:15)
  A swamp dragon (shapeshifter) (Lair:5)
  An orc knight (Orc:2)
  A necromancer (D:15)
  A deep elf pyromancer (D:14)
  4 orc sorcerers (Orc:2)
  2 mana vipers (Snake:2)
  13 ugly things
  3 manticores
  4 cyclopes
  3 salamanders
  A guardian serpent (Snake:2)
  3 elephants (Lair:5)
  8 centaur zombies (D:11)
  12 black mambas
  Joseph (D:8)
  A smoke demon (Lair:5)
  A naga mage (Snake:2)
  2 gargoyles
  2 rime drakes
  An unseen horror (D:11)
  A yaktaur (shapeshifter) (D:14)
  12 cane toads
  2 komodo dragons
  2 ancient zymes (Lair:5)
  8 trolls
  3 meliai (D:13)
  4 polar bears
  3 hornets (D:9)
  20 blink frogs
  2 spriggans (Lair:5)
  7 slime creatures
  3 vampires
  A culicivora (shapeshifter) (D:13)
  2 ynoxinuls (Lair:5)
  60 yaks
  6 wyverns
  4 shadows
  5 wraiths
  6 basilisks
  5 chaos spawn
  6 vampire mosquitoes (D:14)
  2 wargs
  7 nagas
  An acid dragon (D:9)
  14 water moccasins
  A glowing shapeshifter skeleton (D:15)
  A black bear (Lair:1)
  17 orc warriors
  4 boggarts (D:15)
  10 ogres
  41 wolves
  3 centaurs
  4 kobold brigands
  10 small abominations (Lair:5)
  6 bullfrogs
  3 gnoll sergeants
  8 scorpions
  A necrophage (D:4)
  10 wights
  5 howler monkeys
  An electric eel (Lair:3)
  7 jellies
  2 gnoll boudas
  13 orc priests
  4 hounds
  3 iguanas
  33 orc wizards
  4 hell rats (Lair:1)
  14 gnolls
  11 adders
  5 river rats (Sewer)
  An ufetubus (D:7)
  2 worms
  3 dart slugs
  48 orcs
  5 ball pythons (Sewer)
  6 endoplasms
  7 giant cockroaches
  4 goblins
  9 hobgoblins
  15 jackals
  7 quokkas
  7 bats
  3 frilled lizards (Sewer)
  12 kobolds
  5 rats
  2 butterflies (D:8)
661 creatures vanquished.

Vanquished Creatures (others)
  3 bushes (Lair:5)
  36 fungi
  101 plants
  11 withered plants (D:15)
151 creatures vanquished.

Grand Total: 812 creatures vanquished

Notes
Turn   | Place    | Note
-------+----------+-------------------------------------------
     0 | D:1      | tilp the Meteoran Fighter began the quest for the Orb.
     0 | D:1      | Reached XP level 1. HP: 19/19 MP: 2/2
    42 | D:1      | Reached XP level 2. HP: 26/26 MP: 3/3
    95 | D:2      | Reached skill level 3 in Long Blades
   121 | D:2      | Reached skill level 1 in Dodging
   156 | D:3      | Reached XP level 3. HP: 29/31 MP: 4/4
   339 | D:2      | Reached XP level 4. HP: 28/40 MP: 5/5
   401 | D:3      | Reached skill level 4 in Long Blades
   472 | D:2      | Reached XP level 5. HP: 35/46 MP: 6/6
   785 | D:3      | Reached skill level 5 in Long Blades
   885 | D:4      | Found a transporter.
   886 | D:4      | Noticed Leeroy's ghost (amateur VSWr)
   887 | D:4      | Noticed an ogre
   889 | D:4      | Identified the +5 great mace of Anger {flame, Fly rPois
                  | rN++ Stlth-}
   889 | D:4      | Noticed an ogre
   940 | D:4      | Reached XP level 6. HP: 45/52 MP: 7/7
   959 | D:5      | Entered Level 5 of the Dungeon
   960 | D:5      | Identified a scroll of acquirement
   960 | D:5      | Acquired the +11 Singing Sword {sonic wave}
   960 | D:5      | Found the +11 Singing Sword {sonic wave}
   996 | D:5      | Found a glowing drain.
  1003 | Sewer    | Entered a sewer
  1040 | Sewer    | Reached skill level 1 in Throwing
  1040 | Sewer    | Reached skill level 1 in Evocations
  1263 | Sewer    | Reached skill level 6 in Long Blades
  1380 | Sewer    | Glimpsed the power of Zot.
  1423 | D:5      | Found Dierylit's Antique Weapon Boutique.
  1443 | D:5      | Found Qozu Suo's Distillery.
  1455 | D:5      | Noticed a water moccasin
  1458 | D:5      | Killed a water moccasin
  1459 | D:5      | Reached XP level 7. HP: 45/59 MP: 8/8
  1490 | D:5      | Reached XP level 8. HP: 56/67 MP: 9/9
  1517 | D:5      | Found Qeokeuf's Book Boutique.
  1529 | D:5      | Reached skill level 5 in Fighting
  1569 | D:5      | Reached skill level 7 in Long Blades
  1650 | D:5      | Bought a potion of curing for 39 gold pieces
  1650 | D:5      | Bought a potion of lignification for 39 gold pieces
  1870 | D:4      | Found a white marble altar of Elyvilon.
  2315 | D:6      | Gained mutation: You passively map the area around you.
                  | [Meteoran growth]
  2315 | D:6      | Reached XP level 9. HP: 75/75 MP: 10/10
  2464 | D:7      | Reached skill level 8 in Long Blades
  2477 | D:7      | Found a staircase to the Ecumenical Temple.
  2571 | Temple   | Entered the Ecumenical Temple
  2620 | Temple   | Became a worshipper of Warmaster Okawaru
  3020 | D:8      | Found a runed translucent door.
  3024 | D:8      | Found a runed translucent door.
  3029 | D:8      | Reached skill level 5 in Dodging
  3031 | D:8      | Reached skill level 9 in Long Blades
  3077 | D:8      | Noticed Joseph
  3082 | D:8      | Reached * piety under Okawaru
  3085 | D:8      | Reached XP level 10. HP: 73/88 MP: 8/11
  3086 | D:8      | Killed Joseph
  3087 | D:8      | Reached skill level 10 in Long Blades
  3107 | D:8      | Found Makiwkuu's Armour Emporium.
  3110 | D:8      | Acquired 610 gold pieces
  3112 | D:8      | Bought a +0 cloak of willpower for 149 gold pieces
  3112 | D:8      | Bought the +3 pair of gauntlets of War {Slay+5} for 617
                  | gold pieces
  3112 | D:8      | Found the +3 pair of gauntlets of War {Slay+5}
  3147 | D:8      | Identified the +1 mace "Piticaam" {freeze, rCorr Str-5
                  | Dex+5}
  3161 | D:8      | Found a staircase to the Lair.
  3246 | D:8      | Reached skill level 1 in Invocations
  3399 | D:9      | Found a shimmering altar of Xom.
  3400 | D:9      | Found the +7 mace of Variability {chaos, chain chaos}
  3412 | D:9      | Reached ** piety under Okawaru
  3499 | D:10     | Entered Level 10 of the Dungeon
  3545 | D:9      | Paralysed by a hornet for 2 turns
  3549 | D:9      | Reached skill level 1 in Stealth
  3565 | D:9      | Paralysed by a hornet for 2 turns
  3684 | D:9      | Found a staircase to the Orcish Mines.
  3692 | D:9      | Reached XP level 11. HP: 90/95 MP: 11/14
  3696 | D:9      | Reached *** piety under Okawaru
  3697 | D:9      | Reached skill level 5 in Throwing
  3697 | D:9      | Reached skill level 5 in Armour
  3701 | D:9      | Reached skill level 5 in Evocations
  3772 | D:9      | Reached skill level 11 in Long Blades
  3775 | D:9      | Reached skill level 5 in Invocations
  3775 | D:9      | Reached **** piety under Okawaru
  3995 | D:10     | Noticed a cyclops
  4005 | D:10     | Killed a cyclops
  4037 | D:10     | Received a gift from Okawaru
  4132 | D:11     | Noticed a catoblepas
  4132 | D:11     | Noticed a green ugly thing
  4154 | D:11     | Killed a catoblepas
  4157 | D:11     | Killed a green ugly thing
  4167 | D:11     | Reached ***** piety under Okawaru
  4167 | D:11     | Received a gift from Okawaru
  4168 | D:11     | Reached XP level 12. HP: 47/106 MP: 17/17
  4263 | D:11     | Reached skill level 10 in Fighting
  4355 | D:10     | Reached skill level 12 in Long Blades
  4365 | D:10     | Noticed a two-headed ogre
  4370 | D:10     | Killed a two-headed ogre
  4370 | D:10     | Received a gift from Okawaru
  4371 | D:10     | Noticed a boulder beetle
  4387 | D:10     | Killed a boulder beetle
  4389 | D:10     | Reached skill level 10 in Dodging
  4663 | D:10     | Found a shadowy altar of Dithmenos.
  4906 | D:11     | Reached XP level 13. HP: 104/115 MP: 20/20
  4969 | D:11     | Reached ****** piety under Okawaru
  4988 | D:11     | Noticed Erica
  4993 | D:11     | Killed Erica
  4993 | D:11     | Received a gift from Okawaru
  5112 | D:11     | Reached skill level 13 in Long Blades
  5337 | D:11     | Received a gift from Okawaru
  5541 | D:12     | Noticed a boulder beetle
  5556 | D:12     | Killed a boulder beetle
  5591 | D:12     | Identified the +5 crystal plate armour of the Lich-sworn
                  | {rF++ Will+ rCorr} (Okawaru gifted it to you on level 12 of
                  | the Dungeon)
  5591 | D:12     | Received a gift from Okawaru
  5903 | D:12     | Reached skill level 10 in Invocations
  6178 | Lair:1   | Entered Level 1 of the Lair of Beasts
  6517 | Lair:2   | Noticed a death yak
  6520 | Lair:2   | Noticed a death yak
  6521 | Lair:2   | Noticed a death yak
  6522 | Lair:2   | Noticed a death yak
  6524 | Lair:2   | Reached skill level 14 in Long Blades
  6527 | Lair:2   | Killed a death yak
  6530 | Lair:2   | Reached XP level 14. HP: 121/126 MP: 21/23
  6562 | Lair:2   | Received a gift from Okawaru
  6579 | Lair:2   | Reached skill level 15 in Long Blades
  6668 | Lair:2   | Found a staircase to the Shoals.
  6703 | Lair:2   | Received a gift from Okawaru
  6925 | Lair:2   | Reached skill level 16 in Long Blades
  6926 | Lair:2   | Found a staircase to the Snake Pit.
  7032 | Lair:3   | Received a gift from Okawaru
  7305 | D:8      | Bought the +0 mask of the Dragon {Will+ Slay+3 SInv} for
                  | 434 gold pieces
  7305 | D:8      | Found the +0 mask of the Dragon {Will+ Slay+3 SInv}
  7418 | Lair:5   | Entered Level 5 of the Lair of Beasts
  7483 | Lair:5   | Found a staircase to the Slime Pits.
  7488 | Lair:5   | Found a viscous altar of Jiyva.
  7497 | Lair:5   | Reached skill level 5 in Shields
  7497 | Lair:5   | Reached XP level 15. HP: 111/134 MP: 25/25
  7694 | Lair:5   | Identified the +2 pair of gloves of Okawaru's Regard
                  | {Str+2} (Okawaru gifted it to you on level 5 of the Lair of
                  | Beasts)
  7694 | Lair:5   | Received a gift from Okawaru
  7880 | Lair:5   | Found a corrupted altar of Lugonu.
  7880 | Lair:5   | Found a one-way gate to the infinite horrors of the Abyss.
  8250 | Orc:1    | Entered Level 1 of the Orcish Mines
  8301 | Orc:2    | Entered Level 2 of the Orcish Mines
  8301 | Orc:2    | Found Afapanaa's Specific Store.
  8312 | Orc:2    | Found Gamox's General Store.
  8339 | Orc:2    | Found Wiagiovamag's Weapon Emporium.
  8545 | Orc:2    | Noticed Josephine
  8556 | Orc:2    | Killed Josephine
  8556 | Orc:2    | Noticed Urug
  8560 | Arena    | Entered the Arena
  8562 | Arena    | Killed Urug
  8578 | Orc:2    | Reached XP level 16. HP: 90/144 MP: 26/26
  8698 | Orc:2    | Received a gift from Okawaru
  8723 | Orc:2    | Found Kutoipt Ilae's Assorted Antiques.
  8723 | Orc:2    | Found Gefien's Antique Weapon Emporium.
  8723 | Orc:2    | Found Udethrian's Armour Shoppe.
  8744 | Orc:2    | Found Joanlop's General Store.
  8747 | Orc:2    | Bought a scroll labelled VYNWOCA XUBUNT for 21 gold pieces
  8751 | Orc:2    | Bought a bronze wand for 84 gold pieces
  8802 | Orc:2    | Bought a scroll of identify for 26 gold pieces
  8802 | Orc:2    | Bought a scroll of brand weapon for 123 gold pieces
  8802 | Orc:2    | Bought a scroll of identify for 26 gold pieces
  9074 | D:13     | Received a gift from Okawaru
  9209 | D:14     | Found Rifoblur's Distillery.
  9216 | D:14     | Bought a potion of mutation for 128 gold pieces
  9216 | D:14     | Bought a potion of attraction for 48 gold pieces
  9250 | D:14     | Found Koet's Weapon Shoppe.
  9271 | D:14     | Found a runed translucent gate.
  9272 | D:14     | Found a runed translucent gate.
  9272 | D:14     | Found a runed translucent gate.
  9272 | D:14     | Noticed Teelok's ghost (journeyman GrEE)
  9297 | D:14     | Received a gift from Okawaru
  9314 | D:15     | Entered Level 15 of the Dungeon
  9399 | D:15     | Noticed Rupert
  9414 | D:15     | Killed Rupert
  9430 | D:15     | Found a white marble altar of Elyvilon.
  9478 | D:15     | Reached skill level 15 in Dodging
  9478 | D:15     | Found a staircase to the Depths.
  9482 | D:15     | Identified the +4 helmet of Noon {rElec rCorr Int+3}
                  | (Okawaru gifted it to you on level 15 of the Dungeon)
  9482 | D:15     | Received a gift from Okawaru
  9665 | D:14     | Found Qaiqaow's Armour Emporium.
  9799 | D:14     | Reached skill level 15 in Fighting
  9802 | D:14     | Found Cerooc's Armour Shop.
 10207 | Snake:1  | Entered Level 1 of the Snake Pit
 10245 | Snake:2  | Reached XP level 17. HP: 124/156 MP: 22/28
 10250 | Snake:2  | Reached skill level 10 in Armour
 10298 | Snake:2  | Reached skill level 15 in Invocations
 10316 | Arena    | Entered the Arena
 10318 | Arena    | Killed from afar by a shock serpent

Illustrated notes

Levels and vault maps discovered:
D:1:      lemuel_arrival_rhombus, layout_loops_cross, minmay_tromino_v2
D:2:      layout_basic, hellmonk_ecumenical_altar_arch_garden, serial_shops,
          nicolae_shop_hallway_plus, uniq_sigmund, uniq_natasha
D:3:      layout_rooms, chequers_jeans, grunt_ministairs_8
D:4:      layout_cave_pods, nicolae_overflow_crystal_walls,
          gammafunk_ghost_smash
D:5:      layout_loops_ring, serial_shops, shop_statue, shop, shop_coins,
          gup_sewer_entry_bubbles
D:6:      layout_basic
D:7:      layout_rooms, nicolae_kikubaaqudgha_miasma_corner,
          minmay_temple_entry_statues_pillars, serial_bayou_pond_d
D:8:      lemuel_insect_pit, layout_basic, serial_shops, kennysheep_mini_moat,
          uniq_joseph
D:9:      layout_gridville, kennysheep_orc_monster_closet_entryway,
          minmay_guarded_unrand_variability
D:10:     hangedman_cross_stitches, layout_grid_maze,
          mainiacjoe_overflow_alcove_4
D:11:     layout_basic, serial_undead, serial_undead_d, serial_undead_d,
          serial_undead_c, serial_undead_b, hex_medium,
          minmay_tree_intersection, uniq_erica
D:12:     minmay_angry_zag, layout_basic
D:13:     layout_gridville, grunt_vaults_entry_fortified
D:14:     layout_roguey, maelrawn_ghost_gauntlet_escape, serial_shops,
          shop_statue, nicolae_diamond_shop, shop, shop_statue,
          minmay_misc_feat_pillars
D:15:     gammafunk_depths_entry_grave, layout_cave_pods, elyvilon_altar_3,
          uniq_rupert
Temple:   nicolae_temple_bog_church
Lair:1:   layout_layer_cave
Lair:2:   layout_regular_city, shoals_dummy_entry, nicolae_snake_entry_squirm,
          grunt_forest_large_clearings
Lair:3:   layout_gridlike
Lair:4:   layout_hall_layers
Lair:5:   hellmonk_lair_end_abyssal_woods, layout_layer_cave,
          nicolae_slime_entry_field_trip, wad_woods_06, grunt_megastairs_4
Snake:1:  layout_chambers, serial_bayou_lagoon_b
Snake:2:  layout_basic
Orc:1:    layout_caves, basic_altar
Orc:2:    st_orc_mages, layout_diamond_mine, special_room, basic_altar,
          serial_shops, shop, nicolae_specific_store, uniq_josephine, uniq_urug
Arena

Skill      XL: |  1  2  3  4  5  6  7  8  9 10 11 12 13 14 15 16 17 |
---------------+----------------------------------------------------+-----
Long Blades    | 3 4 5 6 7 9 10 11 12 14 16 | 16.0
Dodging        | 1 2 3 5 7 8 10 11 12 13 15 | 15.0
Fighting       | 4 5 7 8 9 10 12 13 15 | 15.0
Throwing       | 2 3 4 5 6 7 8 |  8.1
Evocations     | 2 3 4 5 6 7 8 |  8.1
Armour         | 4 5 6 8 9 10 | 10.0
Shields        | 4 5 6 |  6.1
Invocations    | 3 6 8 11 12 13 14 15 | 15.0
Stealth        | 1 2 |  2.2

Action                     |  1- 3 |  4- 6 |  7- 9 | 10-12 | 13-15 | 16-18 || total
---------------------------+-------+-------+-------+-------+-------+-------++-------
  Melee: Long sword        |    64 |   114 |       |       |       |       ||   178
         Double sword      |       |    60 |    86 |   204 |   516 |   270 ||  1136
         Scimitar          |       |       |       |       |    19 |       ||    19
  Throw: Dart              |       |       |     2 |     1 |       |     2 ||     5
 Invoke: Heroism           |       |       |     1 |     4 |     3 |     5 ||    13
         Duel              |       |       |       |       |     1 |     1 ||     2
         Finesse           |       |       |       |       |       |     1 ||     1
  Evoke: Wand              |       |       |       |     1 |       |       ||     1
    Use: Scroll            |       |     6 |     6 |     9 |     6 |     3 ||    30
   Stab: Petrified         |       |       |       |     2 |       |     1 ||     3
 Armour: Scale mail        |    36 |    35 |       |       |       |       ||    71
         Chain mail        |       |    39 |    19 |       |       |       ||    58
         Plate armour      |       |       |     3 |    88 |   263 |    62 ||   416
         Crystal plate arm |       |       |       |       |     2 |    35 ||    37
  Dodge: Dodged            |    15 |    46 |    25 |    88 |   306 |   127 ||   607
  Block: Buckler           |    25 |    41 |    26 |    50 |   137 |    58 ||   337

Table legend: (Time is in decaauts)
 A = Elapsed time spent in this place.
 B = Non-inter-level travel time spent in this place.
 C = Inter-level travel time spent in this place.
 D = Time resting spent in this place.
 E = Time spent auto-exploring this place.
 F = Levels seen in this place.
 G = Mean time per level.
                   A        B        C        D        E       F      G
               +--------+--------+--------+--------+--------+-----+--------+
         Total |  10343 |   7806 |   2537 |      8 |      0 |  28 |  369.4 |
       Dungeon |   7238 |   5220 |   2018 |      8 |      0 |  15 |  482.5 |
        Temple |     63 |     51 |     12 |      0 |      0 |   1 |   63.0 |
          Lair |   1880 |   1455 |    425 |      0 |      0 |   5 |  376.0 |
     Snake Pit |    102 |    102 |      0 |      0 |      0 |   2 |   51.0 |
  Orcish Mines |    532 |    452 |     80 |      0 |      0 |   2 |  266.0 |
         Sewer |    512 |    512 |      0 |      0 |      0 |   1 |  512.0 |
         Arena |     13 |     13 |      0 |      0 |      0 |   2 |    6.5 |
               +--------+--------+--------+--------+--------+-----+--------+

Top non-repeatable levels by time:
     D:8: 958 daAuts
    D:10: 838 daAuts
    D:11: 722 daAuts
     D:4: 721 daAuts
    D:12: 708 daAuts
     D:9: 703 daAuts
  Lair:2: 618 daAuts
  Lair:5: 608 daAuts
    D:14: 520 daAuts
   Sewer: 512 daAuts
     D:3: 475 daAuts
     D:5: 403 daAuts
  Lair:1: 358 daAuts
   Orc:2: 327 daAuts
    D:13: 268 daAuts
